Map: [ESL] Solaris

Players

LiquidClem (Clem) - Winner!

  • Race: Terran Terran
  • League: Grandmaster
  • Spawn Location: 7:00

Astrea

  • Race: Protoss Protoss
  • League: Master
  • Spawn Location: 1:00

Event: HomeStory Cup XXIV

VOD

Have the link to the VOD?

Description

Time

  • Played on: Dec. 1, 2023, 3:11 p.m.
  • Length: 8:32

All games in this series

Show
View Real Time Build Order
Export as new Build Order

LiquidClem Terran - Winner!

Build Orders: Reaper Expand 

Get SALT Encoding   

  12  0:00  SCV  
  13  0:12  SCV  
  14  0:16  Supply Depot  
  14  0:25  SCV  
  15  0:38  SCV  
  15  0:39  Barracks  
  15  0:42  Refinery  
  16  0:50  SCV  
  17  1:02  SCV  
  18  1:14  SCV  
  19  1:27  Reaper, Orbital Command  
  20  1:41  Command Center  
  20  1:49  Supply Depot  
  20  1:53  SCV  
  21  1:58  Marine  
  22  2:05  SCV  
  22  2:08  Factory  
  23  2:16  Bunker, Marine  
  23  2:19  SCV  
  25  2:23  Refinery  
  25  2:31  SCV  
  25  2:35  Barracks Reactor  
  26  2:43  SCV  
  27  2:52  Hellion  
  27  2:53  Orbital Command  
  27  2:55  Starport  
  30  2:58  SCV  
  30  3:10  SCV  
  30  3:11  Marine x2  
  33  3:15  Widow Mine  
  33  3:18  Supply Depot  
  33  3:19  SCV  
  34  3:22  SCV  
  35  3:29  Marine x2  
  35  3:31  Medivac, SCV  
  40  3:35  SCV  
  40  3:37  Widow Mine  
  43  3:43  SCV  
  43  3:46  Barracks  
  43  3:47  SCV  
  45  3:50  Marine  
  47  3:55  SCV  
  47  3:59  Widow Mine, SCV  
  47  4:01  Medivac  
  53  4:05  Supply Depot  
  53  4:08  SCV  
  53  4:11  Refinery, SCV  
  53  4:13  Engineering Bay  
  53  4:15  Barracks  
  54  4:20  Supply Depot  
  54  4:23  Factory Tech Lab  
  54  4:24  SCV  
  54  4:27  Widow Mine, SCV  
  54  4:30  Marine x2  
  58  4:33  Starport Tech Lab  
  58  4:36  SCV  
  58  4:38  Barracks Tech Lab  
  59  4:39  SCV  
  59  4:41  Supply Depot  
  59  4:42  Terran Infantry Weapons Level 1  
  60  4:48  Marine x2, SCV  
  60  4:51  SCV  
  64  4:56  Stimpack, Marine  
  65  5:00  Factory Reactor, SCV  
  65  5:01  Refinery  
  65  5:03  Starport Reactor  
  65  5:04  SCV  
  65  5:06  Marine x2  
  69  5:08  Combat Shield  
  69  5:09  Supply Depot  
  69  5:13  Marauder  
  71  5:15  SCV  
  71  5:16  SCV  
  71  5:18  Marauder  
  75  5:23  Supply Depot  
  75  5:24  Marine x2  
  77  5:34  Marauder  
  79  5:37  SCV x2  
  79  5:39  Marauder  
  79  5:41  Widow Mine  
  85  5:44  Widow Mine  
  85  5:47  Medivac x2  
  85  5:48  Marine x2  
  93  5:50  Supply Depot  
  93  5:59  Command Center  
  93  6:06  Marine  
  94  6:11  Marine  
  94  6:12  Widow Mine x2, Marauder  
  94  6:13  Supply Depot  
  101  6:24  Marine  
  101  6:25  Supply Depot  
  102  6:30  Barracks  
  102  6:34  Medivac x2, SCV x2  
  102  6:35  Marauder  
  102  6:36  Barracks, Supply Depot  
  110  6:44  Marine  
  110  6:46  Widow Mine x2  
  110  6:47  SCV x2  
  115  6:49  Marine  
  115  6:51  Supply Depot  
  114  6:56  Marauder  
  114  6:59  SCV  
  114  7:00  Marine  
  116  7:07  Marine  
  116  7:08  Widow Mine x2  
  116  7:10  Medivac  
  117  7:17  Marauder  
  117  7:19  Marine  
  117  7:21  Marauder  
  118  7:25  Barracks Tech Lab x2  
  118  7:26  Marine  
  118  7:28  Medivac  
  118  7:29  SCV x2  
  119  7:33  Orbital Command  
  119  7:39  Marauder  
  119  7:41  SCV  
  119  7:43  Marauder  
  125  7:44  Marine x2  
  125  7:48  Viking  
  122  7:54  Marauder  
  122  7:56  Marauder  
  122  7:58  Viking  
  121  7:59  Widow Mine x2  
  121  8:00  Marauder  
  121  8:02  Marine  
  121  8:04  Marine  
  121  8:05  Supply Depot  
  127  8:08  Marauder  
  127  8:10  Supply Depot  
Show
View Real Time Build Order
Export as new Build Order

Astrea Protoss 

Build Orders: 1 Gate Expand, Phoenix Opening, Blink Stalkers, Colossus Rush 

Get SALT Encoding   

  12  0:00  Probe  
  13  0:12  Probe  
  14  0:17  Pylon  
  14  0:24  Probe (Chrono Boost)  
  16  0:36  Gateway, Probe (Chrono Boost)  
  16  0:43  Probe (Chrono Boost)  
  16  0:44  Assimilator  
  17  0:51  Probe  
  18  1:03  Probe  
  19  1:15  Probe  
  20  1:22  Cybernetics Core  
  20  1:29  Nexus  
  21  1:32  Probe  
  21  1:39  Pylon  
  21  1:45  Probe  
  22  1:49  Assimilator  
  22  1:55  Adept (Chrono Boost)  
  22  1:57  Probe  
  22  2:00  Warp Gate  
  25  2:09  Probe  
  26  2:18  Adept (Chrono Boost)  
  26  2:21  Probe  
  29  2:26  Twilight Council  
  29  2:35  Probe (Chrono Boost)  
  30  2:41  Probe (Chrono Boost)  
  31  2:50  Probe x2 (Chrono Boost)  
  33  2:55  Probe (Chrono Boost)  
  33  2:57  Probe  
  35  3:01  Blink (Chrono Boost)  
  34  3:07  Probe  
  34  3:09  Probe  
  34  3:19  Probe  
  35  3:21  Probe  
  36  3:32  Probe  
  36  3:33  Probe  
  36  3:35  Gateway  
  36  3:44  Probe  
  36  3:46  Probe  
  38  3:48  Sentry  
  39  3:56  Probe  
  39  3:58  Probe  
  39  3:59  Phoenix  
  41  4:04  Nexus  
  41  4:06  Pylon  
  41  4:08  Probe  
  42  4:10  Probe  
  42  4:12  Stalker  
  45  4:17  Robotics Facility  
  45  4:20  Probe  
  45  4:22  Pylon  
  46  4:28  Probe  
  46  4:29  Stalker  
  49  4:32  Probe  
  49  4:34  Assimilator  
  49  4:36  Stalker  
  49  4:37  Assimilator  
  52  4:40  Probe  
  52  4:44  Pylon, Probe  
  54  4:49  Pylon  
  54  4:52  Probe  
  55  4:57  Probe  
  56  5:02  Stalker x2  
  56  5:04  Probe  
  56  5:06  Robotics Bay, Observer (Chrono Boost)  
  62  5:09  Probe  
  62  5:13  Pylon  
  63  5:17  Probe x2  
  63  5:20  Immortal (Chrono Boost)  
  63  5:21  Probe  
  66  5:27  Sentry  
  72  5:29  Probe x2  
  72  5:33  Stalker  
  76  5:37  Probe  
  76  5:40  Observer  
  76  5:42  Probe  
  78  5:43  Probe  
  78  5:49  Probe  
  80  5:50  Charge  
  80  5:53  Colossus (Chrono Boost)  
  80  5:56  Pylon  
  86  5:57  Shield Battery  
  86  5:58  Probe  
  87  6:04  Probe  
  87  6:07  Zealot x2  
  87  6:09  Probe  
  92  6:11  Gateway  
  92  6:12  Gateway  
  92  6:14  Extended Thermal Lance  
  92  6:24  Pylon  
  92  6:28  Probe  
  92  6:32  Zealot x2  
  97  6:33  Probe x2  
  97  6:34  Pylon  
  99  6:42  Forge  
  99  6:43  Pylon  
  99  6:45  Colossus (Chrono Boost)  
  103  6:56  Stalker x2  
  103  6:58  Probe x3  
  100  7:09  Stalker x2  
  100  7:12  Probe  
  100  7:15  Probe  
  91  7:21  Probe  
  85  7:24  Probe  
  85  7:27  Pylon  
  84  7:34  Warp Prism (Chrono Boost)  
  84  7:35  Stalker x4  
  93  7:49  Probe x3  
  95  7:59  Stalker x4  
Tags
 
Add a new tag
Caveats
  • Supply blocks, unpowered buildings, or Contaminate may cause inaccurate times.
  • Supply counts are checked every 10 seconds.